Unix NetHack Version 5.0.0-0 post-release - last build May  3 2026 23:40:34 (9823c992c0763bbd039eca2974112f46eaf799b3,branch:main).

Game began 2026-05-04 04:52:16, ended 2026-05-04 07:22:07.

24620901111, chaotic female human Barbarian

          ---
         --.-   ------
         |...  --.--.|
         |.....|%..).|
         |......------
         |@G--.--
         --G ---

24620901111 the Pillager   St:18 Dx:16 Co:18 In:7 Wi:10 Ch:6  Chaotic
Dlvl:5  $:44 HP:0(36) Pw:9(9) AC:7  Xp:3 T:1481 

Latest messages:
 You already found a monster.  Use 'm' prefix to force another search.
 You already found a monster.  Use 'm' prefix to force another search.
 You already found a monster.  Use 'm' prefix to force another search.
 You already found a monster.  Use 'm' prefix to force another search.
 You already found a monster.  Use 'm' prefix to force another search.
 You already found a monster.  Use 'm' prefix to force another search.
 You miss the giant rat.
 The giant rat bites!
 You kill the giant rat!
 You kill the grid bug!
 You miss the grid bug.
 The grid bug just misses!
 You kill the grid bug!
 You descend the stairs.
 You hear the splashing of a naiad.
 You see here 4 gold pieces.
 $ - 4 gold pieces (44 in total).
 You hear a door open.
 You kill the red mold!
 You climb up the stairs.
 You descend the stairs.
 The dwarf wields a dwarvish mattock!
 A trap door opens up under you!
 You are hit by a dagger.
 You are hit by a dagger.
 The gnome lord thrusts one of his daggers.
 The gnome lord hits!
 You smite the gnome lord!
 The gnome lord reads a scroll labeled VELOX NEB!
 A hill orc suddenly appears next to you!
 A hill orc suddenly appears next to you!
 You kill the gnome lord!
 The hill orc hits!
 The hill orc hits!
 The hill orc picks up 2 daggers.
 The gnome hits!
 You hear a chugging sound.
 The gnome hits!
 You smite the gnome.
 You kill the gnome!
 The gnome hits!
 You see here an aklys.
 The gnomish wizard points at you, then curses.
 The gnome hits!
 You die...
 Do you want your possessions identified? [ynq] (y) y
 Do you want to see your attributes? [ynq] (y) y
 Do you want an account of creatures vanquished? [ynaq] (y) y
 Do you want to see your conduct and achievements? [ynq] (y) y
 Do you want to see the dungeon overview? [ynq] (y) y

Inventory:
 Coins    ('$')
  $ - 44 gold pieces
 Weapons  (')')
  b - a +0 axe (alternate weapon; not wielded)
  a - a +0 two-handed sword (weapon in hands)
 Armor    ('[')
  c - an uncursed +0 ring mail (being worn)
 Comestibles  ('%')
  e - an uncursed lichen corpse

24620901111 the Barbarian's attributes:

Background:
 You were a Pillager, a level 3 female human Barbarian.
 You were chaotic, nominally on a mission for Set
 who was opposed by Mitra (lawful) and Crom (neutral).
 You were right-handed.
 You were in the Gnomish Mines, on level 5.
 You entered the dungeon 1481 turns ago.
 There was a full moon in effect when your adventure ended.
 You had 71 experience points, 9 more were needed to attain level 4.

Basics:
 You had 0 out of 36 hit points.
 You had all 9 energy points (spell power).
 Your armor class was 7.
 Your wallet contained 44 zorkmids.
 Autopickup was off.

Final Characteristics:
 Your strength was 18 (limit:18/100).
 Your dexterity was 16 (limit:18).
 Your constitution was 18 (limit:18).
 Your intelligence was 7 (limit:18).
 Your wisdom was 10 (limit:18).
 Your charisma was 6 (limit:18).

Final Status:
 You weren't hungry.
 You were unencumbered.
 You were wielding a two-handed sword.
 You had basic skill with two-handed sword.

Final Attributes:
 You were devoutly aligned.
 You were poison resistant.
 You were warded.
 You were lucky.
 You are dead.

Miscellaneous:
 You didn't encounter any bones levels.
 Total elapsed playing time was 1 hour, 9 minutes and 52 seconds.

Major events:
 Turn
    1: 24620901111 the chaotic female human Barbarian entered the dungeon
 1138: attained the rank of Pillager (level 3)
 1431: entered the Gnomish Mines
 1481: killed by a gnome

You didn't know any spells.

Skills:
 Fighting Skills
   bare handed combat [Basic]
   two weapon combat  [Unskilled]
   riding             [Unskilled]
 Weapon Skills
   dagger             [Unskilled]
   axe                [Basic]
   pick-axe           [Unskilled]
   short sword        [Unskilled]
   broadsword         [Unskilled]
   long sword         [Unskilled]
   two-handed sword   [Basic]
   saber              [Unskilled]
   club               [Unskilled]
   mace               [Unskilled]
   morning star       [Unskilled]
   flail              [Unskilled]
   hammer             [Unskilled]
   quarterstaff       [Unskilled]
   spear              [Unskilled]
   trident            [Unskilled]
   bow                [Unskilled]
 Spellcasting Skills
   attack spells      [Unskilled]
   escape spells      [Unskilled]

Voluntary challenges:
 Character rerolling was not enabled.
 You followed a strict vegan diet.
 You were an atheist.
 You were illiterate.
 You never genocided any monsters.
 You never polymorphed an object.
 You never changed form.
 You used no wishes.
Achievements:
 You entered a shop.
 You attained the rank of Pillager.
 You entered the Gnomish Mines.

 The Dungeons of Doom: levels 1 to 4
    Level 1:
       A grave.
    Level 2:
       A general store, an altar to Set, a grave.
    Level 3:
       A fountain.
       Stairs down to The Gnomish Mines.
    Level 4:
 The Gnomish Mines: levels 4 to 5
    Level 4:
    Level 5: <- You were here.
       Final resting place for
          you, killed by a gnome.


Vanquished creatures:
  a gnome leader
  a hobbit
  2 giant rats
  a red mold
  a gnome
  5 jackals
  2 foxes
  a goblin
 11 grid bugs
  3 lichens
  a kobold zombie
  3 newts
32 creatures vanquished.

No species were genocided or became extinct.

Game over:
                       ----------
                      /          \
                     /    REST    \
                    /      IN      \
                   /     PEACE      \
                  /                  \
                  |   24620901111    |
                  |      44 Au       |
                  |   killed by a    |
                  |      gnome       |
                  |                  |
                  |                  |
                  |       2026       |
                 *|     *  *  *      | *
        _________)/\\_//(\/(/\)/\//\/|_)_______

Goodbye 24620901111 the Barbarian...

You died in The Gnomish Mines on dungeon level 5 with 524 points,
and 44 pieces of gold, after 1481 moves.
You were level 3 with a maximum of 36 hit points when you died.

